 Dungeon Crawl Stone Soup version 0.23.2-1-ga50397a6bc (webtiles) character file.

Game seed: 15989288099943868177

662 Mrkan the Cleaver (level 7, -6/63 HPs)
             Began as a Hill Orc Monk on May 14, 2019.
             Splashed by Ijyb's acid (14 damage)
             ... on level 5 of the Dungeon.
             The game lasted 00:08:47 (4013 turns).

Mrkan the Cleaver (Hill Orc Monk)                   Turns: 4013, Time: 00:08:47

Health: -6/63      AC:  4    Str: 16    XL:     7   Next: 56%
Magic:  7/7        EV:  5    Int: 10    God:
Gold:   220        SH:  0    Dex: 13    Spells: 6/6 levels left

rFire    . . .     SeeInvis .   y - +0 war axe
rCold    . . .     Gourm    .   (no shield)
rNeg     . . .     Faith    .   m - +0 plate armour (curse)
rPois    .         Spirit   .   (no helmet)
rElec    .         Reflect  .   u - +0 cloak
rCorr    .         Harm     .   (no gloves)
MR       .....                  (no boots)
Stlth    ..........             (no amulet)
HPRegen  0.20/turn              (no ring)
MPRegen  0.10/turn              (no ring)

@: corroded
A: no striking features
a: no special abilities


You were on level 5 of the Dungeon.
You were not hungry.

You visited 1 branch of the dungeon, and saw 5 of its levels.

You collected 220 gold pieces.

Inventory:

Hand Weapons
 a - a +0 hand axe
 t - a +4 quarterstaff of chaos
 y - a +0 war axe (weapon)
 K - a +0 scythe
Missiles
 e - 7 poisoned needles
Armour
 b - a +0 robe
 d - a +0 ring mail
 m - a cursed +0 plate armour (worn)
 u - a +0 cloak (worn)
Jewellery
 f - an uncursed ring of protection from magic {unknown}
 E - an uncursed amulet of magic regeneration {unknown}
 J - an uncursed ring of see invisible {unknown}
Wands
 s - a wand of random effects (13)
 D - a wand of paralysis (5)
Scrolls
 g - a scroll of magic mapping {unknown}
 i - 5 scrolls of teleportation {unknown}
 j - 4 scrolls of enchant weapon {unknown}
 k - 2 scrolls of blinking {unknown}
 n - a scroll of immolation {unknown}
 o - 3 scrolls of identify {unknown}
 p - a scroll of fog {unknown}
 r - a scroll of fear {unknown}
 G - a scroll of remove curse {unknown}
 H - a scroll of enchant armour {unknown}
Potions
 h - 3 potions of agility
 l - a potion of flight {unknown}
 q - a potion of brilliance {unknown}
 v - a potion of ambrosia {unknown}
 w - a potion of cancellation {unknown}
 x - 2 potions of curing {unknown}
 z - a potion of might {unknown}
 A - a potion of lignification {unknown}
 B - a potion of resistance {unknown}
 C - a potion of haste {unknown}
 F - a potion of experience {unknown}
 I - a potion of degeneration {unknown}
Comestibles
 c - 5 rations


   Skills:
 + Level 6.1 Fighting
 * Level 8.5 Axes
 + Level 3.7 Armour
 - Level 2.4 Dodging
 - Level 1.5 Stealth


You had 6 spell levels left.
You didn't know any spells.
Your spell library contained the following spells:

 Spells                   Type           Power        Failure   Level  Hunger
 Animate Skeleton         Necr           N/A          100%        1    ##.....
 Apportation              Tloc           #.....       100%        1    ##.....
 Confusing Touch          Hex            #.....       100%        1    ##.....
 Corona                   Hex            #......      100%        1    ##.....
 Summon Small Mammal      Summ           #...         100%        1    ##.....
 Ensorcelled Hibernation  Hex/Ice        #.....       100%        2    ###....
 Confuse                  Hex            #.......     100%        3    ####...
 Dazzling Spray           Conj/Hex       #.....       100%        3    ####...
 Tukima's Dance           Hex            #.......     100%        3    ####...


Dungeon Overview and Level Annotations

Branches:
Dungeon (5/15)             Temple (0/1) D:4

Altars:
Okawaru
Ru
Vehumet
Yredelemnul
The Shining One

Annotations:
D:5 Ijyb


Message History

Ijyb is moderately wounded.
Ijyb hits you but does no damage.
You closely miss Ijyb.
Ijyb is moderately wounded.
Ijyb barely misses you.
You closely miss Ijyb.
Ijyb is moderately wounded.
Ijyb barely misses you.
You hit Ijyb but do no damage.
Ijyb is moderately wounded.
Ijyb zaps a wand.
The bolt of acid hits you. The acid corrodes you!
You are splashed with acid!
* * * LOW HITPOINT WARNING * * *
Ijyb hits you but does no damage.
You hit Ijyb but do no damage.
Ijyb is moderately wounded.
Ijyb zaps a wand.
The bolt of acid hits you!
* * * LOW HITPOINT WARNING * * *
You are splashed with acid!
You die...

###..............$
########.###.###.#
.## #.# #.# #.#
..######[# #.# #.#
#......#.# #.# #.#
######.'.###.###.+
#.....(#.........#
..######.######..##
.## #.# #.@.# ##
#.# ##g..# # #.#
#....# #.# ##....#
#.# #....+ #.#
#..... ..# #.!.#
### ####


You could see Ijyb.

Vanquished Creatures
  Sigmund (D:5)
  A scorpion (D:5)
  A howler monkey (D:4)
  A crimson imp (D:5)
  A centaur skeleton (D:4)
  Crazy Yiuf (D:3)
  A bullfrog skeleton (D:4)
  An iguana (D:5)
  2 orc wizards (D:5)
  4 worker ants (D:4)
  A worker ant zombie (D:2)
  3 adders
  An ooze (D:3)
  2 worms
  2 dart slugs
  9 orcs
  A ball python (D:2)
  10 bats
  A giant cockroach (D:2)
  9 goblins
  5 hobgoblins (D:1)
  5 jackals
  4 kobolds
  3 quokkas
  3 frilled lizards
  A jackal skeleton (D:4)
  5 rats
79 creatures vanquished.

Notes
Turn   | Place    | Note
-------+----------+-------------------------------------------
     0 | D:1      | Mrkan the Hill Orc Monk began the quest for the Orb.
     0 | D:1      | Reached XP level 1. HP: 19/19 MP: 1/1
   107 | D:1      | Reached XP level 2. HP: 22/27 MP: 2/2
   644 | D:2      | Reached XP level 3. HP: 30/33 MP: 3/3
   861 | D:2      | Found an iron altar of Okawaru.
   898 | D:2      | Reached skill level 5 in Axes
  1144 | D:2      | Reached skill level 1 in Armour
  1144 | D:2      | Reached XP level 4. HP: 18/41 MP: 4/4
  1319 | D:3      | Found a radiant altar of Vehumet.
  1425 | D:3      | Found a runed translucent door.
  1426 | D:3      | Noticed Crazy Yiuf
  2105 | D:3      | Killed Crazy Yiuf
  2105 | D:3      | Reached skill level 6 in Axes
  2105 | D:3      | Reached XP level 5. HP: 30/47 MP: 5/5
  2404 | D:4      | Reached skill level 5 in Fighting
  2493 | D:4      | Found a staircase to the Ecumenical Temple.
  2499 | D:4      | Noticed an ogre
  2779 | D:4      | Found a basalt altar of Yredelemnul.
  2794 | D:4      | Reached XP level 6. HP: 44/56 MP: 6/6
  2803 | D:4      | Reached skill level 7 in Axes
  3488 | D:5      | Entered Level 5 of the Dungeon
  3616 | D:5      | Found a sacrificial altar of Ru.
  3770 | D:5      | Reached XP level 7. HP: 59/62 MP: 7/7
  3919 | D:5      | Found an iron altar of Okawaru.
  3920 | D:5      | Noticed Sigmund
  3933 | D:5      | Killed Sigmund
  3933 | D:5      | Reached skill level 8 in Axes
  3970 | D:5      | Found a glowing golden altar of the Shining One.
  3995 | D:5      | Noticed Ijyb
  4013 | D:5      | Splashed by Ijyb's acid

Skill      XL: |  1  2  3  4  5  6  7 |
---------------+----------------------+-----
Fighting       | 4 5 6 |  6.1
Axes           | 5 6 7 8 |  8.5
Armour         | 1 2 3 |  3.7
Dodging        | |  2.4
Stealth        | |  1.5

Action                   |  1- 3 |  4- 6 |  7- 9 || total
-------------------------+-------+-------+-------++-------
Melee: Hand axe          |   119 |   132 |       ||   251
       War axe           |       |    84 |    36 ||   120
 Stab: Sleeping          |     2 |       |       ||     2
       Distracted        |     1 |       |       ||     1
  Eat: Chunk             |       |     5 |     2 ||     7
       Ration            |       |     1 |       ||     1
Armor: Ring mail         |    22 |       |       ||    22
       Plate armour      |    20 |   145 |    16 ||   181
Dodge: Dodged            |    62 |    63 |     8 ||   133
